 Dungeon Crawl Stone Soup version 0.30-a0-160-gcfceee88d3 (webtiles) character file.

Game seed: 3725957535455311873

658 qw the Blocker (level 7, 0/41 HPs)
             Began as a Gargoyle Fighter on Sept 27, 2022.
             Was an Initiate of Okawaru.
             Slain by an ufetubus (4 damage)
             ... summoned by Eustachio
             ... on level 4 of the Dungeon.
             The game lasted 00:01:18 (3667 turns).

qw the Blocker (Gargoyle Fighter)                   Turns: 3667, Time: 00:01:19

Health: 0/41       AC: 33    Str: 24    XL:     7   Next: 55%
Magic:  7/7        EV:  0    Int:  8    God:    Okawaru [......]
Gold:   205        SH: 14    Dex: 12    Spells: 6/6 levels left

rFire   . . .      SeeInvis .    Y - +0 war axe (elec)
rCold   . . .      Faith    .    h - +0 tower shield
rNeg    + . .      Spirit   .    a - +8 orange crystal plate armour {Archmagi, Int+3 Clar}
rPois   inf        Reflect  .    e - +1 hat
rElec   +          Harm     .    (no cloak)
rCorr   .          Rampage  .    (no gloves)
Will    .....      Archmagi +    (no boots)
Stlth   .......... Clarity  +    (no amulet)
HPRegen 0.13/turn                n - +4 ring of protection
MPRegen 0.10/turn                (no ring)

@: about to teleport
A: sickness immunity, AC +4, negative energy resistance 1, electricity
resistance, torment resistance 1, petrification resistance, agile 1, dopey 1,
strong 1, MP-powered wands
a: Renounce Religion


You were on level 4 of the Dungeon.
You worshipped Okawaru.
Okawaru was noncommittal.
You visited 2 branches of the dungeon, and saw 5 of its levels.

You collected 205 gold pieces.


Innate Abilities, Weirdness & Mutations

You are immune to sickness and miasma.
Your stone body is resilient. (AC +4)
You are immune to poison.
You resist negative energy. (rN+)
You are resistant to electric shocks. (rElec)
You are resistant to unholy torment.
You are immune to petrification.
You are agile. (Dex +4, Str/Int -1)
You are dopey. (Int -2)
Your muscles are strong. (Str +4, Int/Dex -1)
You expend magic power (3 MP) to strengthen your wands.


   Skills:
 - Level 3.2 Fighting
 + Level 4.0 Axes
 - Level 3.2 Armour
 - Level 8.2 Shields


You had 6 spell levels left.
You didn't know any spells.
Your spell library was empty.

Inventory:

Hand Weapons
 c - a +0 flail
 Y - a +0 war axe of electrocution (weapon)
Armour
 a - the +8 orange crystal plate armour (worn) {Archmagi, Int+3 Clar}
   (You acquired it on level 2 of the Dungeon)

   Int:       It affects your intelligence (+3).
   Clar:      It protects you against confusion.
 e - a +1 hat (worn)
 h - a +0 tower shield (worn)
Jewellery
 n - a +4 ring of protection (left hand)
Scrolls
 b - 2 scrolls of teleportation
 f - a scroll of noise {unknown}
 j - 3 scrolls of identify
Potions
 d - a potion of might
 g - 2 potions of mutation
 k - a potion of cancellation
 l - a potion of attraction {unknown}
 m - a potion of curing
 o - a potion of berserk rage {unknown}
 q - a potion of magic {unknown}
 r - a potion of heal wounds {unknown}

Dungeon Overview and Level Annotations

Branches:
Dungeon (4/15)             Temple (1/1) D:4

Altars:
Ashenzari
Cheibriados
Dithmenos
Fedhas
Hepliaklqana
Kikubaaqudgha
Nemelex Xobeh
Okawaru
Qazlal
Trog
Yredelemnul
Zin
The Shining One

Annotations:
D:4 Eustachio


Message History

You miss Eustachio.
Eustachio is severely wounded.
You closely miss the shadow imp. You hit the quasit.
You hit the quokka but do no damage. You barely miss the ufetubus.
You block the ufetubus's attack. x2; The quokka bites you.
You block the quasit's attack.
The quasit claws you but does no damage. x2
You block the ufetubus's attack.
The ufetubus hits you but does no damage.
Eustachio hits you but does no damage.
The shadow imp hits you but does no damage.
The quokka bites you but does no damage.
The quasit bites you but does no damage.
The quasit claws you but does no damage.
You block the quasit's attack.
The ufetubus hits you but does no damage. x2
Eustachio hits you but does no damage.
3666 ||| READING 3 scrolls of teleportation.
As you read the scroll of teleportation, it crumbles to dust.
You feel strangely unstable.
The quokka bites you but does no damage.
The shadow imp hits you. You block the ufetubus's attack. x2
The quasit bites you but does no damage.
You block the quasit's attack.
The quasit claws you but does no damage.
Eustachio casts a spell.
Eustachio blinks!
The quokka bites you but does no damage.
You hit the quasit.
The quasit is almost dead.
You slash the quokka!
You kill the quokka!
The quokka's corpse disappears in a puff of smoke!
You barely miss the ufetubus. You hit the shadow imp.
You block the ufetubus's attack. The ufetubus hits you.
The quasit bites you but does no damage.
You block the quasit's attack.
The quasit claws you but does no damage.
You block the shadow imp's attack. The ufetubus hits you.
You die...

.... ....
### .... #
..# .... #.
... ..# #..
..# .## ..##
#..# .#
#..##..#
....
#5.)..##..
####
#.@......#
#.5ยค5....##
#.!##..##..#
#..# ..# #
...# ..#
@..# ..# ..#
..# .. ..#


You could see Eustachio, a quasit (summoned), a shadow imp (summoned) and an
ufetubus (summoned).

Vanquished Creatures
  Grinder (D:3)
  Menkaure (D:4)
  A phantom (D:4)
  A necrophage (D:3)
  An orc priest (D:3)
  2 iguanas (D:4)
  An orc wizard (D:3)
  4 adders
  An ufetubus (D:4)
  A worm (D:2)
  2 dart slugs
  13 orcs
  3 endoplasms
  A giant cockroach (D:4)
  4 goblins
  5 hobgoblins
  6 jackals (D:1)
  2 quokkas
  12 ball pythons
  2 bats (D:1)
  2 frilled lizards (D:1)
  6 kobolds
  4 rats
76 creatures vanquished.

Vanquished Creatures (others)
  2 plants
2 creatures vanquished.

Grand Total: 78 creatures vanquished

Notes
Turn   | Place    | Note
-------+----------+-------------------------------------------
     0 | D:1      | qw the Gargoyle Fighter began the quest for the Orb.
     0 | D:1      | Reached XP level 1. HP: 14/14 MP: 1/1
     0 | D:1      | 0 ||| qw: Version: 0.2-a-10-g37ed214
     0 | D:1      | 0 ||| qw: Game counter: 588
     0 | D:1      | 0 ||| qw: Always use a shield: true
     0 | D:1      | 0 ||| qw: God list: Okawaru
     0 | D:1      | 0 ||| qw: Allow faded altars: false
     0 | D:1      | 0 ||| qw: Do Orc after D:15 true
     0 | D:1      | 0 ||| qw: Do second Lair branch before Depths: true
     0 | D:1      | 0 ||| qw: Lair rune preference: random
     0 | D:1      | 0 ||| qw: Plans: Normal, Zot:1-4, God:TSO, Crypt, Tomb,
                  | Pan, Slime:5, Hells, Abyss, Orb
     0 | D:1      | 0 ||| PLANNING D:1-11
   213 | D:1      | 213 ||| Stepping ~*~*~tactically~*~*~ (stealth).
   220 | D:1      | Reached XP level 2. HP: 19/19 MP: 2/2
   270 | D:1      | Found a faded altar of an unknown god.
   408 | D:1      | 408 ||| Stepping ~*~*~tactically~*~*~ (stealth).
   409 | D:1      | 409 ||| Stepping ~*~*~tactically~*~*~ (stealth).
   439 | D:1      | Reached skill level 3 in Axes
   446 | D:1      | Reached XP level 3. HP: 20/23 MP: 3/3
   903 | D:1      | 903 ||| UPGRADING to +1 hat.
   908 | D:1      | 908 ||| UPGRADING to +0 chain mail.
   918 | D:1      | 918 ||| DROPPING +0 scale mail.
   919 | D:1      | 919 ||| UPGRADING to +4 ring of protection.
   920 | D:1      | 920 ||| READING scroll labelled MIULEW KABBOI.
   924 | D:1      | 924 ||| READING scroll labelled SOKHODD WINTU.
   925 | D:1      | 925 ||| READING 3 scrolls labelled VIRREUCEDGH.
   926 | D:1      | 926 ||| READING 4 scrolls labelled GIED PIEPHE.
   927 | D:1      | 927 ||| DRINKING 2 yellow potions.
   927 | D:1      | Gained mutation: You expend magic power (3 MP) to
                  | strengthen your wands. [potion of mutation]
   927 | D:1      | Gained mutation: You are dopey. (Int -2) [potion of
                  | mutation]
   927 | D:1      | Gained mutation: You are agile. (Dex +4, Str/Int -1)
                  | [potion of mutation]
   927 | D:1      | Gained mutation: Your muscles are strong. (Str +4, Int/Dex
                  | -1) [potion of mutation]
   928 | D:1      | 928 ||| READING 2 scrolls of identify.
   928 | D:1      | 928 ||| IDENTIFYING clear potion
   929 | D:1      | 929 ||| DROPPING 3 scrolls of butterflies.
   993 | D:2      | 993 ||| Stepping ~*~*~tactically~*~*~ (stealth).
  1204 | D:2      | 1204 ||| Stepping ~*~*~tactically~*~*~ (stealth).
  1468 | D:2      | 1468 ||| UPGRADING to +0 tower shield.
  1485 | D:2      | 1485 ||| UPGRADING to +0 buckler.
  1490 | D:2      | 1490 ||| UPGRADING to +0 tower shield.
  1500 | D:2      | 1500 ||| DROPPING +0 buckler.
  1507 | D:2      | 1507 ||| DROPPING +0 club.
  1622 | D:2      | 1622 ||| READING scroll labelled HELOKHL MENTE.
  1668 | D:2      | 1668 ||| READING scroll labelled TOYPLI VIRCH.
  1668 | D:2      | Identified a scroll of acquirement
  1668 | D:2      | 1668 ||| ACQUIRING +8 orange crystal plate armour
                  | {Archmagi, Int+3 Clar}
  1668 | D:2      | Acquired the +8 orange crystal plate armour {Archmagi,
                  | Int+3 Clar}
  1668 | D:2      | Found the +8 orange crystal plate armour {Archmagi, Int+3
                  | Clar}
  1670 | D:2      | 1670 ||| UPGRADING to +8 orange crystal plate armour
                  | {Archmagi, Int+3 Clar}.
  1680 | D:2      | 1680 ||| DROPPING +0 chain mail.
  1681 | D:2      | 1681 ||| READING scroll labelled YFFITZ OLIDOMU.
  1682 | D:2      | 1682 ||| READING 2 scrolls of identify.
  1682 | D:2      | 1682 ||| IDENTIFYING black potion
  1735 | D:3      | 1735 ||| SWAPPING to +0 war axe of electrocution.
  1736 | D:3      | 1736 ||| DROPPING +1 war axe.
  1745 | D:3      | Noticed Grinder
  1746 | D:3      | 1746 ||| Stepping ~*~*~tactically~*~*~ (hiding).
  1748 | D:3      | 1748 ||| Stepping ~*~*~tactically~*~*~ (hiding).
  1758 | D:3      | 1758 ||| Stepping ~*~*~tactically~*~*~ (hiding).
  1763 | D:3      | Reached XP level 4. HP: 22/28 MP: 4/4
  1766 | D:3      | Killed Grinder
  1767 | D:3      | Reached skill level 6 in Shields
  1767 | D:3      | Reached XP level 5. HP: 22/32 MP: 5/5
  1767 | D:3      | Reached XP level 6. HP: 26/37 MP: 6/6
  1915 | D:3      | 1915 ||| Stepping ~*~*~tactically~*~*~ (stealth).
  1946 | D:3      | 1946 ||| Stepping ~*~*~tactically~*~*~ (hiding).
  1954 | D:3      | 1954 ||| Stepping ~*~*~tactically~*~*~ (stealth).
  1960 | D:3      | 1960 ||| Stepping ~*~*~tactically~*~*~ (stealth).
  1964 | D:3      | 1964 ||| Stepping ~*~*~tactically~*~*~ (stealth).
  1973 | D:3      | 1973 ||| Stepping ~*~*~tactically~*~*~ (stealth).
  1976 | D:3      | 1976 ||| Stepping ~*~*~tactically~*~*~ (stealth).
  1984 | D:3      | 1984 ||| Stepping ~*~*~tactically~*~*~ (hiding).
  1991 | D:3      | Reached skill level 7 in Shields
  2388 | D:3      | 2388 ||| READING scroll labelled BEROOS ULU.
  2389 | D:3      | 2389 ||| DRINKING 2 murky yellow potions.
  2390 | D:3      | 2390 ||| DROPPING potion of brilliance.
  2466 | D:4      | 2466 ||| READING 4 scrolls of teleportation.
  2512 | D:4      | Reached XP level 7. HP: 40/41 MP: 7/7
  2828 | D:4      | Found a staircase to the Ecumenical Temple.
  2829 | D:4      | 2829 ||| PLANNING TEMPLE
  2829 | D:4      | 2829 ||| READING scroll labelled NUMAUS WIUBEY.
  2837 | Temple   | Entered the Ecumenical Temple
  2959 | Temple   | 2959 ||| PLANNING OKAWARU WORSHIP
  3114 | Temple   | Became a worshipper of Warmaster Okawaru
  3115 | Temple   | 3115 ||| PLANNING D:1-11
  3401 | D:4      | Noticed Menkaure
  3402 | D:4      | 3402 ||| Stepping ~*~*~tactically~*~*~ (hiding).
  3410 | D:4      | Killed Menkaure
  3411 | D:4      | Reached skill level 8 in Shields
  3656 | D:4      | HP: 10/41 [ogre/+0 giant club (8)]
  3657 | D:4      | 3657 ||| READING 4 scrolls of teleportation.
  3659 | D:4      | Noticed Eustachio
  3665 | D:4      | HP: 10/41 [quokka[Eustachio] (1)]
  3666 | D:4      | 3666 ||| READING 3 scrolls of teleportation.
  3667 | D:4      | HP: 4/41 [ufetubus[Eustachio] (4)]
  3667 | D:4      | Slain by an ufetubus

Levels and vault maps discovered:
D:1:      wander_arrival_desolate, layout_loops_ring,
          shapermc_ecumenical_altar_rom_forum
D:2:      layout_loops_cross, st_stairs_1, wad_orctagon
D:3:      layout_rooms, minmay_misc_feat_columns, minmay_shallow_snake_nest,
          uniq_grinder
D:4:      layout_layer_cave, minmay_temple_entry_glass, minmay_puff,
          uniq_menkaure, uniq_eustachio
Temple:   oiseaux_autumnal_temple

Skill      XL: |  1  2  3  4  5  6  7 |
---------------+----------------------+-----
Axes           | 2 3 4 |  4.0
Shields        | 6 7 8 |  8.2
Fighting       | |  3.2
Armour         | |  3.2

Action                   |  1- 3 |  4- 6 |  7- 9 || total
-------------------------+-------+-------+-------++-------
Melee: War axe           |   116 |    47 |    48 ||   211
  Use: Scroll            |     9 |     2 |     3 ||    14
       Potion            |     1 |     1 |       ||     2
Armor: Scale mail        |    46 |       |       ||    46
       Chain mail        |    19 |       |       ||    19
       Crystal plate arm |    10 |    24 |    47 ||    81
Dodge: Dodged            |    53 |     1 |     2 ||    56
Block: Buckler           |    20 |       |       ||    20
       Tower shield      |    15 |    28 |    49 ||    92

Table legend:
 A = Non-vault XP
 B = Vault XP
 C = Vault XP percentage of total XP
 D = Non-vault monster count
 E = Vault monster count
 F = Vault count percentage of total count
                 A         B        C        D         E       F
            +---------+---------+-------+---------+---------+-------
      Total |     478 |     462 |  49.1 |      63 |      13 |  17.1
            +---------+---------+-------+---------+---------+-------
        D:1 |      43 |       0 |   0.0 |      26 |       0 |   0.0
        D:2 |      15 |      16 |  51.6 |       8 |       5 |  38.5
        D:3 |     211 |     280 |  57.0 |      16 |       6 |  27.3
        D:4 |     209 |     166 |  44.3 |      13 |       2 |  13.3
            +---------+---------+-------+---------+---------+-------
